 Dungeon Crawl Stone Soup version 0.24-b1 (webtiles) character file.

Game seed: 1113540485146605495, levelgen mode: deterministic

102373 Johnny the Earth Mage (level 15, -5/130 HPs)
             Began as a Demigod Earth Elementalist on Oct 12, 2019.
             Slain by a +2 dire flail of protection (25 damage)
             ... on level 1 of the Elven Halls.
             The game lasted 00:45:11 (24879 turns).

Johnny the Earth Mage (Demigod Earth Elementalist) Turns: 24879, Time: 00:45:11

Health: -5/130     AC: 14    Str: 11    XL:     15   Next: 39%
Magic:  6/34       EV: 19    Int: 29    God:
Gold:   1465       SH:  0    Dex: 16    Spells: 4/35 levels left

rFire    . . .     SeeInvis .   D - +7 rapier (venom)
rCold    . . .     Gourm    .   (no shield)
rNeg     . . .     Faith    .   T - +4 troll leather armour
rPois    +         Spirit   .   Q - +2 hat of the Doldrums {Slay+3 Stlth+}
rElec    .         Reflect  .   x - scarf {repulsion}
rCorr    .         Harm     .   C - +2 pair of gloves
MR       ++...                  c - +0 pair of boots
Stlth    +++.......             n - amulet of regeneration
HPRegen  1.11/turn              K - ring of protection from magic
MPRegen  0.24/turn              z - ring of poison resistance

@: about to teleport, lightly drained, repel missiles
A: high mp 1
a: no special abilities


You were on level 1 of the Elven Halls.
You were near starving.

You visited 6 branches of the dungeon, and saw 26 of its levels.

You collected 2640 gold pieces.
You spent 1175 gold pieces at shops.

Inventory:

Hand Weapons
 D - a +7 rapier of venom (weapon)
Missiles
 b - 284 stones (quivered)
Armour
 c - a +0 pair of boots (worn)
 x - a scarf of repulsion (worn)
 C - a +2 pair of gloves (worn)
 Q - the +2 hat of the Doldrums (worn) {Slay+3 Stlth+}
   (You found it on level 12 of the Dungeon)

   It affects your accuracy and damage with ranged weapons and melee attacks
   (+3).
   It makes you more stealthy.
 T - a +4 troll leather armour (worn)
Jewellery
 i - an uncursed ring of ice
 n - an amulet of regeneration (around neck)
 r - an uncursed ring of magical power {unknown}
 t - an uncursed amulet of magic regeneration
 u - an uncursed ring of protection from fire
 z - a ring of poison resistance (right hand)
 K - a ring of protection from magic (left hand)
 O - a +3 ring of intelligence {unknown}
 R - a cursed -3 ring of intelligence {unknown}
Wands
 f - a wand of flame (26)
 v - a wand of acid (13)
 y - a wand of polymorph (23)
 I - a wand of random effects (28)
 J - a wand of digging (6)
 P - a wand of iceblast (11)
 Z - a wand of enslavement (11)
Scrolls
 e - 6 scrolls of amnesia
 g - a scroll of noise {unknown}
 h - 7 scrolls of remove curse
 m - a scroll of enchant armour
 q - 7 scrolls of fog
 s - 11 scrolls of teleportation
 A - a scroll of summoning {unknown}
 B - 7 scrolls of magic mapping
 F - 3 scrolls of holy word
 G - 7 scrolls of fear
 H - a scroll of immolation {unknown}
 M - 2 scrolls of brand weapon {unknown}
 N - 2 scrolls of vulnerability {unknown}
 U - a scroll of identify
Potions
 a - a potion of agility
 j - 3 potions of magic
 k - 4 potions of haste
 l - 4 potions of brilliance
 o - 6 potions of curing
 p - 2 potions of flight
 w - 4 potions of lignification
 E - 2 potions of mutation
 L - a potion of heal wounds
 V - 2 potions of degeneration {unknown}
 W - 2 potions of resistance
 Y - a potion of might
Comestibles
 d - 30 rations


   Skills:
 - Level 11.4(11.1) Fighting
 - Level 11.5(11.2) Dodging
 - Level 1.7(1.5) Stealth
 - Level 10.6(10.4) Spellcasting
 - Level 5.2(5.0) Necromancy
 - Level 0.8(0.6) Transmutations
 * Level 16.6(16.3) Earth Magic


You had 4 spell levels left.
You knew the following spells:

 Your Spells              Type           Power        Failure   Level  Hunger
a - Sandblast             Erth           ######       0%          1    None
b - Stone Arrow           Conj/Erth      ######       1%          3    None
c - Lee's Rapid Deconstr  Erth           #######...   1%          5    ###....
d - Petrify               Tmut/Erth      ######..     1%          4    None
e - Vampiric Draining     Necr           #####.....   1%          3    None
f - Regeneration          Chrm/Necr      ####......   4%          3    None
g - Mephitic Cloud        Conj/Pois/Air  ###.....     14%         3    None
h - Shatter               Erth           #######...   99%         9    #######

Your spell library contained the following spells:

 Spells                   Type           Power        Failure   Level  Hunger
 Animate Skeleton         Necr           N/A          1%          1    None
 Pain                     Necr           ####         1%          1    None
 Passwall                 Tmut/Erth      ######..     1%          2    None
 Beastly Appendage        Tmut           ###...       3%          1    None
 Apportation              Tloc           ###...       4%          1    None
 Confusing Touch          Hex            ###...       4%          1    None
 Summon Small Mammal      Summ           ###.         4%          1    None
 Sticks to Snakes         Tmut           ###.....     5%          2    None
 Animate Dead             Necr           N/A          6%          4    None
 Poisonous Vapours        Pois/Air       ###...       7%          2    None
 Spider Form              Tmut/Pois      ###.......   12%         3    None
 Conjure Flame            Conj/Fire      ###.....     14%         3    None
 Static Discharge         Conj/Air       ###.....     14%         3    None
 Ice Form                 Ice/Tmut       ###.....     38%         4    None
 Blade Hands              Tmut           ###.......   69%         5    ###....
 Lightning Bolt           Conj/Air       ###.......   78%         5    ###....
 Freezing Cloud           Conj/Ice/Air   ###.......   100%        6    #####..
 Ring of Flames           Chrm/Fire      ###.......   100%        7    ######.
 Ignition                 Fire           ###.......   100%        8    #######
 Tornado                  Air            ###.......   100%        9    #######


Dungeon Overview and Level Annotations

Branches:
Dungeon (15/15)            Temple (1/1) D:5            Lair (6/6) D:8
  Swamp (1/4) Lair:3        Snake (0/4) Lair:2        Slime (0/5) Lair:5
    Orc (2/2) D:12            Elf (1/3) Orc:2        Vaults (0/5) D:13
 Depths: D:15

Shops:
Orc:1 }   Orc:2 :(:*   Elf:1 %


Innate Abilities, Weirdness & Mutations

You have an increased reservoir of magic. (+10% MP)


Message History

Confirm with . or Enter, or press ? or * to list all spells.
You don't have enough magic to cast that spell.
Unknown command.
The +2 dire flail of protection hits you!!
The +2 dire flail of protection hits you!!
Okay, then.
Evoke which item? (* to show all) (? for menu, Esc to quit)
Aiming: Corrosive Bolt
Press: ? - help, Shift-Dir - straight line, f - +2 dire flail of protection
Aim: a +2 dire flail of protection The bolt of acid misses the +2 dire flail of protection.
The +2 dire flail of protection hits you!
* * * LOW HITPOINT WARNING * * *
Unknown command.
As you read the scroll of teleportation, it crumbles to dust.
You feel strangely unstable.
The +2 dire flail of protection hits you!
* * * LOW HITPOINT WARNING * * *
The +2 dire flail of protection hits you!!
You die...

#################
#......)........#
#.........#####.#
#≈≈≈≈≈≈≈≈≈# #(#
#≈≈≈≈≈≈≈≈≈# #@#
#8≈≈≈≈≈≈≈8# #.#
#####e##### #.#
.)). #.# # .....
#.################
..####
#....>............
..
#.........>.......
###.##############
#.# #


You could see a +2 dire flail of protection.

Vanquished Creatures
  A fire dragon (Lair:6)
  4 vault guards
  8 hydras
  Fannar (Lair:1)
  A catoblepas (Lair:6)
  2 ogre magi (Orc:2)
  2 centaur warriors
  14 two-headed ogres
  3 dancing weapons (Elf:1)
  An orc high priest (Elf:1)
  Sonja (Lair:2)
  4 deep elf knights (Elf:1)
  2 deep trolls (Orc:2)
  A skeletal warrior (D:13)
  2 swamp dragons
  2 unseen horrors
  3 deep elf archers (Elf:1)
  4 orc knights
  An orc sorcerer (Elf:1)
  5 ugly things
  14 deep elf magi
  An oklob plant (Lair:5)
  6 cyclopes
  A centaur zombie (D:13)
  A manticore (D:12)
  An elephant (D:7)
  8 black mambas
  2 torpor snails (Lair:6)
  A molten gargoyle (Lair:6)
  10 spiny frogs
  A gargoyle (D:11)
  7 komodo dragons
  3 rime drakes
  3 raiju (Lair:6)
  11 trolls
  9 polar bears (Lair:6)
  Grinder (D:4)
  A bog body (Lair:3)
  7 dream sheep (Lair:4)
  21 blink frogs
  18 hippogriffs
  2 vampires
  Sigmund (D:3)
  A spriggan (D:7)
  A shadow (D:12)
  3 water elementals
  3 wyverns
  55 yaks
  A fire elemental (Elf:1)
  Grum (D:11)
  10 vampire mosquitoes
  3 steam dragons (Lair:6)
  3 basilisks
  9 wargs
  5 insubstantial wisps (Lair:3)
  A soldier ant (D:14)
  6 acid dragons
  11 water moccasins
  14 hell hounds (Lair:6)
  8 porcupines
  2 swamp drakes
  23 orc warriors
  A sky beast (shapeshifter) (Elf:1)
  4 sky beasts
  3 ice beasts
  16 black bears
  A necrophage (D:7)
  6 centaurs
  25 ogres
  An eye of draining (D:14)
  34 wolves
  3 phantoms
  15 crocodiles
  A big kobold (D:9)
  The ghost of dorpapst the Caller, an amateur VSSu (D:3)
  14 bullfrogs
  A wyvern zombie (D:11)
  A gnoll sergeant (D:6)
  A water moccasin zombie (D:4)
  A wyvern skeleton (D:13)
  7 scorpions
  5 killer bees (D:7)
  A vampire bat (Lair:3)
  4 wights (D:7)
  3 howler monkeys
  4 electric eels
  A lava snake (Lair:6)
  6 crimson imps
  7 hounds
  A bullfrog zombie (D:11)
  A jelly (D:8)
  Crazy Yiuf (D:5)
  5 centaur skeletons
  12 orc priests
  A bullfrog skeleton (D:10)
  7 iguanas
  28 orc wizards
  14 worker ants
  A howler monkey zombie (D:5)
  A worker ant zombie (D:6)
  11 gnolls
  14 adders
  4 shadow imps
  2 oozes
  2 adder skeletons
  5 worms
  6 dart slugs
  53 orcs
  14 bats
  10 giant cockroaches
  9 hobgoblins
  15 jackals
  4 quokkas
  4 ball pythons
  6 frilled lizards
  12 goblins
  A jackal skeleton (D:6)
  14 kobolds
  14 rats
791 creatures vanquished.

Vanquished Creatures (others)
  13 fungi
  26 plants
39 creatures vanquished.

Grand Total: 830 creatures vanquished

Notes
Turn   | Place    | Note
-------+----------+-------------------------------------------
     0 | D:1      | Johnny the Demigod Earth Elementalist began the quest for
                  | the Orb.
     0 | D:1      | Reached XP level 1. HP: 14/14 MP: 5/5
   433 | D:1      | Reached XP level 2. HP: 18/22 MP: 7/7
   446 | D:1      | Reached skill level 3 in Earth Magic
   895 | D:1      | Reached XP level 3. HP: 23/27 MP: 8/8
  1236 | D:2      | Reached skill level 1 in Fighting
  1459 | D:2      | Reached XP level 4. HP: 35/35 MP: 7/10
  2037 | D:3      | Noticed Sigmund
  2050 | D:3      | Killed Sigmund
  2050 | D:3      | Reached skill level 4 in Earth Magic
  2050 | D:3      | Reached XP level 5. HP: 29/41 MP: 1/12
  2147 | D:3      | Reached XP level 6. HP: 48/48 MP: 7/13
  2252 | D:3      | Found a large runed translucent door.
  2252 | D:3      | Found a large runed translucent door.
  2260 | D:3      | Noticed dorpapst's ghost (amateur VSSu)
  2439 | D:4      | Found a burning altar of Makhleb.
  2638 | D:4      | Reached skill level 5 in Earth Magic
  2733 | D:4      | Reached XP level 7. HP: 46/56 MP: 7/15
  3031 | D:4      | Noticed Grinder
  3048 | D:4      | Killed Grinder
  3048 | D:4      | Reached skill level 6 in Earth Magic
  3235 | D:4      | Learned a level 3 spell: Stone Arrow
  3240 | D:4      | Learned a level 4 spell: Petrify
  3246 | D:4      | Learned a level 5 spell: Lee's Rapid Deconstruction
  3347 | D:4      | Found a stormy altar of Qazlal.
  3444 | D:5      | Entered Level 5 of the Dungeon
  3726 | D:5      | Reached XP level 8. HP: 56/66 MP: 11/17
  4082 | D:5      | Found a runed translucent door.
  4083 | D:5      | Noticed Crazy Yiuf
  4135 | D:5      | Found a staircase to the Ecumenical Temple.
  4326 | D:5      | Killed Crazy Yiuf
  4480 | D:3      | Killed dorpapst's ghost
  4703 | Temple   | Entered the Ecumenical Temple
  4795 | D:6      | Reached skill level 7 in Earth Magic
  4893 | D:5      | Reached skill level 5 in Dodging
  5439 | D:6      | Found a bloodstained altar of Trog.
  5439 | D:6      | Found a sacrificial altar of Ru.
  5621 | D:7      | Reached XP level 9. HP: 53/73 MP: 5/19
  5625 | D:7      | Reached skill level 5 in Spellcasting
  5664 | D:7      | Reached skill level 5 in Fighting
  5664 | D:7      | Reached skill level 8 in Earth Magic
  6882 | D:8      | Found a staircase to the Lair.
  6882 | D:8      | Noticed an elephant
  6892 | D:8      | Reached skill level 9 in Earth Magic
  6941 | D:7      | Killed an elephant
  6941 | D:7      | Reached XP level 10. HP: 30/83 MP: 4/22
  7146 | D:8      | Found a shimmering altar of Xom.
  8199 | D:9      | Found a radiant altar of Vehumet.
  8295 | D:10     | Entered Level 10 of the Dungeon
  8894 | D:10     | Killed an unseen horror
  8894 | D:10     | Reached skill level 10 in Earth Magic
  9115 | D:11     | Noticed a red ugly thing
  9127 | D:11     | Killed a red ugly thing
  9252 | D:11     | You fall into a shaft and drop 2 floors!
  9252 | D:13     | Noticed a brown ugly thing
  9256 | D:13     | Noticed a deep elf mage
  9338 | D:11     | Noticed a two-headed ogre
  9350 | D:11     | Killed a two-headed ogre
  9350 | D:11     | Noticed Grum
  9487 | D:11     | Killed Grum
  9487 | D:11     | Reached XP level 11. HP: 67/92 MP: 25/25
  9680 | D:11     | You fall into a shaft and drop 1 floor!
 10081 | D:12     | Got an ichor-stained hat
 10092 | D:12     | Identified the +2 hat of the Doldrums {Slay+3 Stlth+} (You
                  | found it on level 12 of the Dungeon)
 10103 | D:12     | Found a staircase to the Orcish Mines.
 10362 | D:12     | Got an ancient robe
 10373 | D:12     | Identified the +1 robe of Tender Moments {rC+} (You found
                  | it on level 12 of the Dungeon)
 10498 | D:12     | Reached skill level 11 in Earth Magic
 10719 | D:12     | Noticed a five-headed hydra
 10719 | D:12     | Noticed a two-headed ogre
 10733 | D:12     | Killed a two-headed ogre
 10735 | D:12     | Killed a five-headed hydra
 11356 | D:13     | Noticed an orc knight
 11377 | D:13     | Killed an orc knight
 11503 | D:13     | Noticed a two-headed ogre
 11848 | D:13     | Killed a deep elf mage
 11848 | D:13     | Reached skill level 12 in Earth Magic
 11858 | D:13     | Reached XP level 12. HP: 83/103 MP: 28/28
 11884 | D:13     | Noticed a vault guard
 11889 | D:13     | Noticed a vault guard
 11894 | D:13     | Noticed a vault guard
 11906 | D:13     | Killed a vault guard
 11908 | D:13     | Killed a vault guard
 11913 | D:13     | Noticed a centaur warrior
 11947 | D:13     | Killed a centaur warrior
 12020 | D:12     | Killed a vault guard
 12249 | D:13     | Found a gate to the Vaults.
 12308 | D:13     | Noticed a vault guard
 12323 | D:13     | Killed a vault guard
 13061 | D:14     | Noticed an eight-headed hydra
 13069 | D:14     | Killed an eight-headed hydra
 13327 | D:14     | Noticed a centaur warrior
 13343 | D:14     | Killed a centaur warrior
 13343 | D:14     | Reached skill level 13 in Earth Magic
 13981 | D:15     | Entered Level 15 of the Dungeon
 13981 | D:15     | Noticed a centaur warrior
 13997 | D:15     | Noticed an eight-headed hydra
 13997 | D:15     | Noticed a centaur warrior
 14140 | Lair:1   | Entered Level 1 of the Lair of Beasts
 14197 | Lair:1   | Noticed Fannar
 14211 | Lair:1   | Killed Fannar
 14295 | Lair:1   | Found a transporter.
 14517 | Lair:1   | Found a transporter.
 14558 | Lair:1   | Reached XP level 13. HP: 100/111 MP: 30/30
 15452 | Lair:2   | Noticed Sonja
 15461 | Lair:2   | Killed Sonja
 15461 | Lair:2   | Reached skill level 10 in Dodging
 15733 | Lair:2   | Reached skill level 10 in Fighting
 15921 | Lair:2   | Found a staircase to the Snake Pit.
 15982 | Lair:2   | Reached skill level 14 in Earth Magic
 16302 | Lair:2   | Learned a level 3 spell: Vampiric Draining
 16517 | Lair:3   | Found a staircase to the Swamp.
 16527 | Lair:3   | Reached skill level 1 in Necromancy
 17380 | Lair:3   | You fall into a shaft and drop 2 floors!
 17798 | Lair:5   | Found a staircase to the Slime Pits.
 18491 | Lair:4   | Reached XP level 14. HP: 122/122 MP: 32/32
 19299 | Lair:4   | Got a smoking short sword
 19321 | Lair:3   | Got a spiked ring mail
 19333 | Lair:3   | Identified the +2 ring mail of the Will of the Gods {Dex+2}
                  | (You found it on level 3 of the Lair of Beasts)
 19344 | Lair:3   | Identified the +9 short sword of Prudence {pierce, -Tele
                  | MP+9 Dex+3} (You found it on level 4 of the Lair of Beasts)
 19522 | Swamp:1  | Entered Level 1 of the Swamp
 19601 | Lair:6   | Entered Level 6 of the Lair of Beasts
 19629 | Lair:6   | Reached skill level 10 in Spellcasting
 20427 | Lair:6   | Reached skill level 15 in Earth Magic
 22001 | D:11     | Learned a level 3 spell: Regeneration
 22014 | Orc:1    | Entered Level 1 of the Orcish Mines
 22014 | Orc:1    | Found Okhluorie's Gadget Shop.
 22254 | Orc:2    | Entered Level 2 of the Orcish Mines
 22666 | Orc:2    | Found Ihashikk's Book Shoppe.
 22688 | Orc:2    | Found a roughly hewn altar of Beogh.
 22899 | Orc:2    | Learned a level 3 spell: Mephitic Cloud
 22993 | Orc:2    | Reached skill level 5 in Necromancy
 23056 | Orc:2    | Reached XP level 15. HP: 42/130 MP: 21/34
 23263 | Orc:2    | Found Bobubuap's General Store.
 23366 | Orc:2    | Bought a scroll of teleportation for 33 gold pieces
 23366 | Orc:2    | Bought a scroll of identify for 22 gold pieces
 23369 | Orc:2    | Found Napo's Antique Weapon Boutique.
 23370 | Orc:2    | Found Nacu Sibroi's Book Boutique.
 23383 | Orc:2    | Bought a book of the Tempests for 1120 gold pieces
 23393 | Orc:2    | Learned a level 9 spell: Shatter
 23454 | Orc:2    | Found a staircase to the Elven Halls.
 23806 | Elf:1    | Entered Level 1 of the Elven Halls
 23838 | Elf:1    | Reached skill level 16 in Earth Magic
 24476 | Elf:1    | Found Toj Qaebelu's Food Shop.
 24879 | Elf:1    | Slain by a +2 dire flail of protection

Skill      XL: |  1  2  3  4  5  6  7  8  9 10 11 12 13 14 15 |
---------------+----------------------------------------------+-----
Dodging        | 2 3 4 5 6 7 8 9 10 11 | 11.5
Earth Magic    | 3 4 5 6 7 9 10 12 13 14 15 16 | 16.6
Spellcasting   | 2 3 4 5 6 7 9 10 | 10.6
Fighting       | 1 2 3 4 6 7 8 9 10 11 | 11.4
Necromancy     | 2 5 |  5.2
Stealth        | |  1.7
Transmutations | |  0.8

Action                   |  1- 3 |  4- 6 |  7- 9 | 10-12 | 13-15 || total
-------------------------+-------+-------+-------+-------+-------++-------
Melee: Unarmed           |     6 |       |       |       |       ||     6
       Mace              |     8 |   130 |    61 |       |       ||   199
       Spear             |    78 |       |       |       |       ||    78
       Quarterstaff      |       |       |    32 |       |       ||    32
       Rapier            |       |       |    92 |   489 |  1215 ||  1796
Throw: Stone             |       |       |       |     1 |       ||     1
 Cast: Sandblast         |    48 |    66 |   114 |    37 |    67 ||   332
       Lee's Rapid Decon |       |       |    16 |    68 |    99 ||   183
       Stone Arrow       |       |       |       |    45 |    97 ||   142
       Petrify           |       |       |       |    13 |     5 ||    18
       Mephitic Cloud    |       |       |       |       |    18 ||    18
       Vampiric Draining |       |       |       |       |     2 ||     2
Evoke: Wand              |       |       |    10 |    11 |    17 ||    38
  Use: Scroll            |     6 |     1 |    17 |    14 |    10 ||    48
       Potion            |       |     3 |     2 |     2 |     6 ||    13
 Stab: Sleeping          |     4 |     3 |     5 |     4 |    10 ||    26
       Distracted        |     2 |       |     1 |     1 |       ||     4
       Confused          |       |       |     1 |       |    10 ||    11
       Petrified         |       |       |       |    14 |     8 ||    22
       Petrifying        |       |       |       |       |     1 ||     1
  Eat: Chunk             |     2 |     5 |    16 |    24 |    39 ||    86
       Ration            |       |       |       |     5 |     2 ||     7
Armor: Robe              |    11 |    46 |    60 |    71 |       ||   188
       Troll leather arm |       |       |       |   139 |   465 ||   604
Dodge: Dodged            |    78 |   141 |   200 |   577 |  1992 ||  2988
       Deflected         |       |       |       |    11 |    25 ||    36
